 Dungeon Crawl Stone Soup version 0.25.1-2-g60ff931df9 (webtiles) character file.

Game seed: 9435393488658937750

44 Borbozo the Charmwright (level 3, -1/28 HPs)
             Began as a Merfolk Skald on Sept 25, 2020.
             Slain by an adder (3 damage)
             ... on level 4 of the Dungeon.
             The game lasted 00:14:25 (2191 turns).

Borbozo the Charmwright (Merfolk Skald)             Turns: 2191, Time: 00:14:26

Health: -1/28      AC:  3    Str: 11    XL:     3   Next: 60%
Magic:  6/6        EV: 13    Int: 12    God:
Gold:   17         SH:  0    Dex: 14    Spells: 5/6 levels left

rFire    . . .     SeeInvis .   a - +0 spear
rCold    . . .     Gourm    .   (no shield)
rNeg     . . .     Faith    .   b - +0 leather armour
rPois    .         Spirit   .   (no helmet)
rElec    .         Reflect  .   (no cloak)
rCorr    .         Harm     .   (no gloves)
MR       .....                  (no boots)
Stlth    +.........             (no amulet)
HPRegen  0.09/turn              (no ring)
MPRegen  0.10/turn              (no ring)

@: lethally poisoned (-1 -> -4), very slightly contaminated
A: change form in water, swift swim, stealthy swim
a: no special abilities


You were on level 4 of the Dungeon.
You were hungry.

You visited 1 branch of the dungeon, and saw 3 of its levels.

You collected 17 gold pieces.

Inventory:

Hand Weapons
 a - a +0 spear (weapon)
 e - a +0 dagger
 i - a +0 dagger
Missiles
 c - 8 bolts
Armour
 b - a +0 leather armour (worn)
 f - a +0 ring mail
 g - a +0 ring mail
Scrolls
 d - a scroll of magic mapping {unknown}


   Skills:
 + Level 2.6 Fighting
 + Level 3.5 Polearms
 + Level 1.1 Armour
 + Level 3.1 Dodging
 + Level 2.2 Spellcasting
 + Level 3.6 Charms


You had 5 spell levels left.
You knew the following spells:

 Your Spells              Type           Power        Failure   Level  Hunger
a - Infusion              Chrm           ##..         8%          1    ##.....

Your spell library contained the following spells:

 Spells                   Type           Power        Failure   Level  Hunger
 Song of Slaying          Chrm           ##......     12%         2    ###....
 Shroud of Golubria       Chrm/Tloc      #.....       26%         2    ###....
 Ozocubu's Armour         Chrm/Ice       #.......     45%         3    ####...
 Spectral Weapon          Hex/Chrm       #.......     45%         3    ####...


Dungeon Overview and Level Annotations

Branches:
Dungeon (2/15)

Altars:


Message History

The adder is heavily wounded.
The adder bites you.
* * * LOW HITPOINT WARNING * * *
You are lethally poisoned!
The adder poisons you!
You miss the adder.
The adder is heavily wounded.
The adder barely misses you.
You hit the adder but do no damage.
The adder is heavily wounded.
* * * LOW HITPOINT WARNING * * *
You feel sick. The adder bites you but does no damage.
You closely miss the adder.
The adder is heavily wounded.
The adder barely misses you.
You barely miss the adder.
The adder is heavily wounded.
* * * LOW HITPOINT WARNING * * *
You feel sick. The adder bites you but does no damage. The adder bites you.
You die...

####### ######
......## #.....o
###...####.......
#....รท@Sl'.......
#.#...##o#.......
# ##.###.##......
#.# #.# #..... #
#.# #.# #...#
#.##.###.# #+##
#........# #.#
####.#########.#
#.# #.......##


You could see an iguana, an adder and an orc.

Vanquished Creatures
  A hound (D:4)
  A giant cockroach (D:1)
  2 goblins (D:1)
  3 jackals (D:1)
  A quokka (D:2)
  3 bats
  A frilled lizard (D:1)
  2 kobolds
  A rat (D:1)
15 creatures vanquished.

Notes
Turn   | Place    | Note
-------+----------+-------------------------------------------
     0 | D:1      | Borbozo the Merfolk Skald began the quest for the Orb.
     0 | D:1      | Reached XP level 1. HP: 16/16 MP: 3/3
   461 | D:1      | Reached XP level 2. HP: 20/23 MP: 1/5
  1842 | D:2      | You fall into a shaft and drop 2 floors!
  1885 | D:4      | Reached skill level 1 in Armour
  1885 | D:4      | Reached XP level 3. HP: 12/28 MP: 0/6
  2191 | D:4      | Slain by an adder

Illustrated notes

Levels and vault maps discovered:
D:1:      dpeg_arrival_round_b, layout_loops_corners
D:2:      layout_basic, overflow_temple_1_default,
          nicolae_overflow_hidden_temple, chequers_big_river, skrybe_limestone_x
D:4:      layout_loops_corners, yredelemnul_forgotten_temple_becter,
          cheibriados_altar_1, lemuel_coloured_pillars_altar, first_ration,
          uniq_pikel, uniq_eustachio, uniq_sigmund

Skill      XL: |  1  2 |
---------------+-------+-----
Armour         | 1 |  1.1
Dodging        | 3 |  3.1
Fighting       | |  2.6
Polearms       | |  3.5
Spellcasting   | |  2.2
Charms         | |  3.6

Action                   || total
-------------------------++-------
Melee: Spear             ||    88
       Tailslap          ||     1
 Cast: Infusion          ||     4
  Eat: Ration            ||     1
Armor: Leather armour    ||    28
Dodge: Dodged            ||    60
